 Dungeon Crawl Stone Soup version 0.21.1-1-g345015f (webtiles) character file.

58557 Th3D0c the Warrior (level 14, -1/135 HPs)
             Began as a Minotaur Berserker on July 3, 2018.
             Was an Elder of Trog.
             Killed from afar by a thorn hunter (17 damage)
             ... with a volley of thorns
             ... on level 2 of the Lair of Beasts.
             The game lasted 01:29:05 (22045 turns).

Th3D0c the Warrior (Minotaur Berserker)            Turns: 22045, Time: 01:29:05

Health: -1/135     AC: 18    Str: 23    XL:     14   Next: 49%
Magic:  13/13      EV: 19    Int:  4    God:    Trog [****..]
Gold:   1431       SH:  3    Dex: 14    Spells: 13/13 levels left

rFire    + . .     SeeInvis .   Y - +4 executioner's axe (venom)
rCold    . . .     Gourm    .   (shield currently unavailable)
rNeg     . . .     Faith    .   W - +0 plate armour
rPois    .         Spirit   .   (helmet restricted)
rElec    .         Reflect  +   I - +0 cloak
rCorr    .         Harm     .   (no gloves)
MR       +....                  (no boots)
Stlth    ..........             A - +3 amulet of reflection
HPRegen  0.32/turn              p - +5 ring of evasion
MPRegen  0.13/turn              y - ring of protection from fire

@: slowed, very slow
A: retaliatory headbutt, horns 2
a: Berserk, Trog's Hand, Brothers in Arms, Burn Spellbooks, Renounce Religion


You were on level 2 of the Lair of Beasts.
You worshipped Trog.
Trog was greatly pleased with you.
You were near starving.

You visited 4 branches of the dungeon, and saw 19 of its levels.
You visited the Abyss 1 time.
You also visited: Sewer.

You collected 1431 gold pieces.

Inventory:

Hand Weapons
 a - a +0 war axe of electrocution
 b - the +7 mace of Xyrid {crush, rN++ MR+ Str+3 Dex+2}
   (You found it on level 6 of the Dungeon)

   It inflicts extra damage upon your enemies.
   It affects your strength (+3).
   It affects your dexterity (+2).
   It greatly protects you from negative energy.
   It affects your resistance to hostile enchantments.
 s - the +9 broad axe of a Million Queens {pain, Fragile rPois rF+++ Dex-3}
   (You found it on level 1 of the Lair of Beasts)

   In the hands of one skilled in necromantic magic, it inflicts extra damage on
   living creatures.
   It affects your dexterity (-3).
   It renders you almost immune to fire.
   It protects you from poison.
   It will be destroyed if unequipped.
 Y - a +4 executioner's axe of venom (weapon)
Missiles
 l - 2 throwing nets (quivered)
 w - 15 tomahawks
Armour
 I - a +0 cloak (worn)
 O - the +2 ring mail of the Sacrificial Victim {+Fly rPois Stlth+}
   (You found it on level 1 of the Lair of Beasts)

   It protects you from poison.
   It lets you fly.
   It makes you more stealthy.
 W - a +0 plate armour (worn)
Jewellery
 p - a +5 ring of evasion (left hand)
 v - a +5 ring of evasion
 y - a ring of protection from fire (right hand)
 A - a +3 amulet of reflection (around neck)
 N - an uncursed ring of see invisible
Wands
 z - a wand of flame (142)
 Q - a wand of clouds (5)
 R - a wand of acid (7)
 V - a wand of iceblast (9)
Scrolls
 e - 2 scrolls of identify
 g - 6 scrolls of magic mapping
 j - 5 scrolls of enchant armour
 r - 13 scrolls of remove curse
 t - 2 scrolls of enchant weapon
 x - a scroll of fear {unknown}
 D - 2 scrolls of immolation
 H - 7 scrolls of teleportation
 L - a scroll of torment {unknown}
 P - a scroll of silence
 S - 2 scrolls of random uselessness {unknown}
Potions
 d - 2 potions of heal wounds
 f - 4 potions of haste
 h - 2 potions of resistance
 i - a potion of cancellation {unknown}
 m - a potion of berserk rage {unknown}
 n - 2 potions of invisibility
 o - 2 potions of ambrosia {unknown}
 q - 3 potions of might
 u - 5 potions of curing
 B - 3 potions of flight
 C - 4 potions of agility
 E - 3 potions of brilliance
 F - 2 potions of magic {unknown}
 M - 2 potions of lignification
Comestibles
 c - 58 rations


   Skills:
 + Level 15.2 Fighting
 + Level 15.2 Axes
 + Level 15.0 Armour
 + Level 13.9 Dodging


You had 13 spell levels left.
You didn't know any spells.

Dungeon Overview and Level Annotations

Branches:
Dungeon (11/15)            Temple (1/1) D:7            Lair (6/6) D:11
  Swamp (1/4) Lair:2       Spider (0/4) Lair:2        Slime (0/5) Lair:6
    Orc (0/2) D:9

Altars:
Ashenzari
Cheibriados
Dithmenos
Elyvilon
Fedhas
Gozag
Hepliaklqana
Kikubaaqudgha
Makhleb
Nemelex Xobeh
Okawaru
Qazlal
Ru
Sif Muna
Trog
Uskayaw
Vehumet
Wu Jian
Xom
Yredelemnul
Zin
The Shining One
Jiyva

Portals:
Hell: Lair:6


Innate Abilities, Weirdness & Mutations

You reflexively headbutt those who attack you in melee.
You have a pair of horns on your head.


Message History

* * * LOW HITPOINT WARNING * * *
The thorn hunter hits you but does no damage.
The briar patch crumbles away. x3; The thorn hunter barely misses you.
You furiously retaliate!
You headbutt the thorn hunter. The thorn hunter closely misses you.
There is a staircase back to the Lair here.
The briar patch crumbles away. x8
The thorn hunter hits you but does no damage.
The thorn hunter hits you!
* * * LOW HITPOINT WARNING * * *
The thorn hunter barely misses you. You furiously retaliate!
You headbutt the thorn hunter! The thorn hunter completely misses you.
You climb upwards.
Welcome back to the Lair of Beasts!
You recover from your berserk rage.
There is a staircase to the Swamp here.
You enter the shallow water.
Moving in this stuff is going to be slow.
The thorn hunter fires a volley of thorns at you.
The volley of thorns hits you!
You die...

##...................#..........
##..........)............#^....
#..........♣#.#........##...##
##........#♣♣♣♣♣♣...#...##....#
#..........♣♣♣♣♣♣......###.≈..≈
##...#PP.♣♣♣≈≈≈♣♣...#..###.≈≈≈≈
#...####.♣≈≈≈≈≈≈♣♣...####..≈...
#P.## #♣♣≈≈§≈≈≈≈♣......#..'.>.
#..# ♣≈§≈f@≈≈≈..#P#.#####.#
##.## ♣≈≈§§≈.≈♣..##### ####
##..# ♣♣≈≈..≈♣≈..# ### #...
#..P# ##♣♣≈≈≈≈♣≈...####P###...
##.#####P.♣♣♣♣≈♣♣..............
#.........♣♣♣♣♣...............
#........♣♣#.#.#...(#.##......
#......#..........P.#.#.......
##......#............####......


You could see a thorn hunter.

Vanquished Creatures
  Kirke (Lair:4)
  A very ugly thing (Swamp:1)
  A dire elephant (Lair:6)
  11 hydras
  The ghost of Drak the Unseen, a journeyman NaEn of Wu Jian (D:11)
  A hell beast (Lair:6)
  2 two-headed ogres
  3 death yaks (Lair:3)
  Sonja (Lair:1)
  A fire crab (Lair:6)
  An unseen horror (D:11)
  A wizard (Lair:6)
  Pikel (D:7)
  An orb spider (Lair:2)
  6 elephants (Lair:6)
  4 black mambas
  A centaur skeleton (D:6)
  Joseph (D:8)
  3 orange demons (Lair:6)
  A smoke demon (Lair:6)
  12 spiny frogs
  2 ice devils (Lair:6)
  5 komodo dragons
  3 rime drakes
  A polar bear (Lair:4)
  A red devil (Lair:6)
  A queen bee (Lair:1)
  A bog body (Swamp:1)
  16 blink frogs
  10 dream sheep
  12 hippogriffs
  35 yaks
  6 wyverns
  Grum (D:11)
  A wraith (D:11)
  6 hogs (Lair:4)
  7 basilisks
  A hungry ghost (D:11)
  2 vampire mosquitoes (Lair:2)
  The ghost of sking99 the Poker, an amateur OpFi (D:3)
  3 insubstantial wisps (Swamp:1)
  4 hell hounds (Lair:6)
  14 water moccasins
  12 porcupines
  A swamp drake (Swamp:1)
  A slave (D:7)
  A sky beast (D:6)
  2 ice beasts
  2 orc warriors
  3 black bears
  2 centaurs
  An ogre (D:10)
  14 wolves
  A phantom (D:5)
  15 crocodiles
  15 bullfrogs
  3 big kobolds
  6 scorpions
  37 killer bees
  4 electric eels
  8 wights (D:8)
  3 crimson imps
  A quasit (D:8)
  3 bullfrog zombies
  3 hounds
  8 orc priests
  Crazy Yiuf (D:5)
  4 bullfrog skeletons
  15 orc wizards
  8 hell rats
  2 iguanas (D:4)
  4 worker ants
  A killer bee zombie (D:6)
  2 hound skeletons
  2 worker ant zombies
  Robin (D:3)
  3 gnolls (D:4)
  A howler monkey skeleton (D:7)
  7 adders
  5 river rats
  An adder skeleton (D:6)
  An adder zombie (D:6)
  2 worms (D:4)
  A dart slug (D:3)
  5 leopard geckos
  55 orcs
  A ball python (D:3)
  3 bats
  6 giant cockroaches
  15 goblins
  11 hobgoblins
  4 jackals
  19 kobolds
  5 quokkas
  A frilled lizard (D:2)
  A giant cockroach zombie (D:5)
  2 quokka skeletons
  22 rats
  3 briar patches (Swamp:1)
  5 fungi
  2 plants (Lair:6)
555 creatures vanquished.

Vanquished Creatures (collateral kills)
  A hydra (Lair:5)
  A rime drake (Lair:6)
  3 hippogriffs
5 creatures vanquished.

Vanquished Creatures (others)
  2 slaves (D:7)
  25 fungi
  21 plants
48 creatures vanquished.

Grand Total: 608 creatures vanquished

Notes
Turn   | Place    | Note
-------+----------+-------------------------------------------
     0 | D:1      | Th3D0c the Minotaur Berserker began the quest for the Orb.
     0 | D:1      | Reached XP level 1. HP: 19/19 MP: 0/0
   326 | D:1      | Reached XP level 2. HP: 24/27 MP: 1/1
  1249 | D:2      | Reached XP level 3. HP: 26/33 MP: 2/2
  1453 | D:2      | Found a sparkling altar of Nemelex Xobeh.
  2036 | D:2      | Reached ** piety under Trog
  2038 | D:2      | Reached XP level 4. HP: 28/41 MP: 3/3
  2166 | D:3      | Noticed sking99's ghost (amateur OpFi)
  2173 | D:3      | Killed sking99's ghost
  2173 | D:3      | Reached XP level 5. HP: 47/47 MP: 4/4
  2318 | D:3      | Reached skill level 5 in Axes
  2375 | D:3      | Noticed Robin
  2384 | D:3      | Killed Robin
  2389 | D:2      | Reached skill level 5 in Fighting
  2527 | D:3      | Reached XP level 6. HP: 22/56 MP: 5/5
  2896 | D:3      | Found an opulent altar of Gozag.
  2898 | D:3      | Found a glowing silver altar of Zin.
  3126 | D:3      | Found a faded altar of an unknown god.
  3203 | D:3      | Reached *** piety under Trog
  3429 | D:4      | Found an ornate altar of the Wu Jian Council.
  3610 | D:4      | Found a deep blue altar of Sif Muna.
  3669 | D:4      | Reached skill level 5 in Armour
  3722 | D:4      | Found a glowing drain.
  3726 | Sewer    | Entered a sewer
  3832 | Sewer    | Reached XP level 7. HP: 62/62 MP: 6/6
  3859 | Sewer    | Found a white marble altar of Elyvilon.
  4085 | D:5      | Entered Level 5 of the Dungeon
  4153 | D:5      | Reached skill level 5 in Dodging
  4201 | D:5      | Reached **** piety under Trog
  4496 | D:5      | Found a sacrificial altar of Ru.
  4527 | D:5      | Reached XP level 8. HP: 71/71 MP: 7/7
  4635 | D:5      | Found a runed door.
  4831 | D:5      | Found an ancient bone altar of Kikubaaqudgha.
  4974 | D:5      | Found a stormy altar of Qazlal.
  5068 | D:5      | Noticed Crazy Yiuf
  5071 | D:5      | Killed Crazy Yiuf
  5556 | D:6      | Found an iron altar of Okawaru.
  5572 | D:6      | Got an iridescent mace
  5695 | D:6      | Identified the +7 mace of Xyrid {crush, rN++ MR+ Str+3 Dex+2} (You found it on level 6 of the Dungeon)
  5909 | D:7      | Found a staircase to the Ecumenical Temple.
  5915 | D:7      | Noticed Pikel
  5931 | D:7      | Killed Pikel
  5931 | D:7      | Reached XP level 9. HP: 81/81 MP: 8/8
  6795 | Temple   | Entered the Ecumenical Temple
  7117 | D:8      | Found a sacrificial altar of Ru.
  7117 | D:8      | Found a shattered altar of Ashenzari.
  7117 | D:8      | Found an iron altar of Okawaru.
  7245 | D:8      | Noticed a two-headed ogre
  7252 | D:8      | Killed a two-headed ogre
  7252 | D:8      | Reached XP level 10. HP: 91/91 MP: 9/9
  7331 | D:8      | Noticed Joseph
  7357 | D:8      | Killed Joseph
  7446 | D:8      | Found a basalt altar of Yredelemnul.
  7627 | D:8      | Found a burning altar of Makhleb.
  7627 | D:8      | Noticed an Executioner
  7789 | D:8      | Found a snail-covered altar of Cheibriados.
  8314 | D:9      | Found a staircase to the Orcish Mines.
  8368 | D:9      | Reached skill level 10 in Axes
  8525 | D:9      | Found a shadowy altar of Dithmenos.
  8877 | D:10     | Entered Level 10 of the Dungeon
  8980 | D:10     | Reached skill level 10 in Fighting
  9503 | D:10     | Noticed a two-headed ogre
  9514 | D:10     | Killed a two-headed ogre
  9514 | D:10     | Reached skill level 10 in Armour
 10062 | D:10     | You fall through a shaft!
 10064 | D:11     | Noticed Drak's ghost (journeyman NaEn)
 10077 | D:11     | Noticed a six-headed hydra
 10090 | D:11     | Killed a six-headed hydra
 10091 | D:11     | Killed Drak's ghost
 10091 | D:11     | Reached XP level 11. HP: 49/101 MP: 10/10
 10499 | D:11     | Killed an unseen horror
 10744 | D:11     | Reached ***** piety under Trog
 10758 | D:11     | Reached skill level 10 in Dodging
 10789 | D:11     | Noticed Grum
 10798 | D:11     | Killed Grum
 11039 | D:11     | Found a staircase to the Lair.
 11200 | Lair:1   | Entered Level 1 of the Lair of Beasts
 11241 | Lair:1   | Got an ancient trident
 11729 | Lair:1   | Noticed Sonja
 11744 | Lair:1   | Cast into level 1 of the Abyss (Sonja)
 11754 | Abyss:1  | Got a brightly glowing hunting sling
 11814 | Lair:1   | Escaped the Abyss
 11819 | Lair:1   | Killed Sonja
 12079 | Lair:1   | Got an ichor-stained broad axe
 12080 | Lair:1   | Identified the +9 broad axe of a Million Queens {pain, Fragile rPois rF+++ Dex-3} (You found it on level 1 of the Lair of Beasts)
 12864 | Lair:1   | Reached XP level 12. HP: 106/112 MP: 11/11
 12923 | Lair:1   | Got a faintly glowing ring mail
 13264 | Lair:2   | Noticed a six-headed hydra
 13282 | Lair:1   | Killed a six-headed hydra
 13520 | Lair:2   | Identified the +2 ring mail of the Sacrificial Victim {+Fly rPois Stlth+} (You found it on level 1 of the Lair of Beasts)
 13581 | Lair:2   | Noticed a four-headed hydra
 13590 | Lair:2   | Killed a four-headed hydra
 14019 | Lair:2   | Received a gift from Trog
 14046 | Lair:2   | Found a hole to the Spider Nest.
 14073 | Lair:2   | Found a staircase to the Swamp.
 15121 | Lair:2   | Noticed a four-headed hydra
 15128 | Lair:2   | Killed a four-headed hydra
 15940 | Lair:3   | Got a faintly glowing lajatang
 16536 | Lair:4   | Noticed a death yak
 16536 | Lair:4   | Noticed a death yak
 16536 | Lair:4   | Noticed a death yak
 16550 | Lair:3   | Killed a death yak
 16598 | Lair:3   | Killed a death yak
 16602 | Lair:3   | Killed a death yak
 16602 | Lair:3   | Reached XP level 13. HP: 99/122 MP: 12/12
 16920 | Lair:4   | Received a gift from Trog
 17462 | Lair:4   | Noticed Kirke
 17479 | Lair:4   | Killed Kirke
 19239 | Lair:6   | Entered Level 6 of the Lair of Beasts
 19607 | Lair:6   | Found a viscous altar of Jiyva.
 19608 | Lair:6   | Found a staircase to the Slime Pits.
 19686 | Lair:6   | Received a gift from Trog
 20039 | Lair:6   | Reached XP level 14. HP: 86/133 MP: 13/13
 21316 | Lair:6   | Reached skill level 15 in Fighting
 21316 | Lair:6   | Reached skill level 15 in Axes
 21334 | Lair:6   | Found a burning altar of Makhleb.
 21384 | Lair:6   | HP: 2/135 [red devil/trident (11)]
 21734 | Lair:6   | Found a gateway to Hell.
 21742 | Lair:6   | Found the +3 sling "Punk" {acid, rCorr}
 22009 | Swamp:1  | Entered Level 1 of the Swamp
 22009 | Swamp:1  | Noticed a green very ugly thing
 22016 | Swamp:1  | Killed a green very ugly thing
 22016 | Swamp:1  | Reached skill level 15 in Armour
 22033 | Swamp:1  | Noticed a thorn hunter
 22039 | Swamp:1  | HP: 1/135 [thorn hunter (10)]
 22045 | Lair:2   | Killed from afar by a thorn hunter

Skill      XL: |  1  2  3  4  5  6  7  8  9 10 11 12 13 14 |
---------------+-------------------------------------------+-----
Axes           | 4 5 6 8 9 10 12 13 14 15 | 15.2
Fighting       | 4 5 6 8 9 10 12 13 14 15 | 15.2
Armour         | 3 4 5 6 7 9 10 11 13 14 15 | 15.0
Dodging        | 3 4 5 7 8 9 10 12 13 | 13.9

Action                   |  1- 3 |  4- 6 |  7- 9 | 10-12 | 13-15 || total
-------------------------+-------+-------+-------+-------+-------++-------
Melee: Hand axe          |    45 |   139 |   347 |   140 |       ||   671
       Headbutt          |     5 |    34 |    77 |   156 |   146 ||   418
       War axe           |       |       |       |   479 |   302 ||   781
       Mace              |       |       |       |    47 |    66 ||   113
       Executioner's axe |       |       |       |       |    90 ||    90
Throw: Throwing net      |       |       |       |     1 |       ||     1
Invok: Berserk           |       |     1 |     2 |     3 |     2 ||     8
       Trog's Hand       |       |       |     3 |    11 |    10 ||    24
       Burn Spellbooks   |       |       |       |     1 |     1 ||     2
       Brothers in Arms  |       |       |       |       |     2 ||     2
  Use: Scroll            |       |     2 |     4 |    21 |     2 ||    29
       Potion            |       |       |       |       |     6 ||     6
  Eat: Chunk             |     3 |     7 |    10 |    35 |    19 ||    74
       Ration            |       |       |     1 |     1 |     1 ||     3
Armor: Animal skin       |     9 |     1 |       |       |       ||    10
       Chain mail        |       |    23 |    69 |    53 |       ||   145
       Plate armour      |       |       |       |   102 |   175 ||   277
Dodge: Dodged            |    19 |   107 |   283 |   710 |   662 ||  1781
Block: Other             |       |       |    22 |    56 |    68 ||   146
       Reflection        |       |       |       |     2 |       ||     2
